 Dungeon Crawl Stone Soup version 0.28.0-53-g5a82cb258f (webtiles) character file.

Game seed: 9170490806963791875

37 styxcanada the Sneak (level 3, -3/18 HPs)
             Began as a Spriggan Brigand on Aug 5, 2022.
             Killed by divine providence
             ... invoked by an orc priest
              (9 damage)
             ... on level 3 of the Dungeon.
             The game lasted 00:07:11 (1991 turns).

styxcanada the Sneak (Spriggan Brigand)             Turns: 1991, Time: 00:07:11

Health: -3/18      AC:  3    Str: 13    XL:     3   Next: 23%
Magic:  4/4        EV: 17    Int: 12    God:
Gold:   101        SH:  0    Dex: 18    Spells: 2/2 levels left

rFire   + . .      SeeInvis +   a - +3 dagger
rCold   x . .      Faith    .   (no shield)
rNeg    . . .      Spirit   .   b - +0 robe
rPois   +          Reflect  .   (helmet restricted)
rElec   .          Harm     .   c - +0 cloak
rCorr   .          Rampage  .   (gloves unavailable)
Will    .....                   (boots unavailable)
Stlth   ++........              (no amulet)
HPRegen 0.06/turn               i - ring of Gozag's Generosity {Fire rPois Str+6}
MPRegen 0.09/turn               (no ring)

@: slow
A: very small, no large weapons, unfitting armour, see invisible, speed 3
a: no special abilities


You were on level 3 of the Dungeon.
You visited 1 branch of the dungeon, and saw 3 of its levels.

You collected 101 gold pieces.

Inventory:

Hand Weapons
 a - a +3 dagger (weapon)
Missiles
 d - 7 poisoned darts (quivered)
 e - 2 curare-tipped darts
 m - 20 stones
Armour
 b - a +0 robe (worn)
 c - a +0 cloak (worn)
Jewellery
 i - the ring of Gozag's Generosity (left hand) {Fire rPois Str+6}
   (You found it on level 2 of the Dungeon)

   [ring of fire]

   It enhances your fire magic.
   Str:       It affects your strength (+6).
   rF:        It protects you from fire.
   rC:        It makes you vulnerable to cold.
   rPois:     It protects you from poison.
 l - an amulet of magic regeneration
Wands
 n - a wand of mindburst (11)
Scrolls
 j - 2 scrolls of enchant weapon
 k - 2 scrolls of magic mapping
Potions
 f - 2 potions of mutation {unknown}
 g - 2 potions of might {unknown}
 h - a potion of cancellation {unknown}


   Skills:
 * Level 1.6 Fighting
 + Level 2.1 Short Blades
 + Level 2.1 Throwing
 * Level 2.3 Dodging
 * Level 7.0 Stealth
 * Level 0.1 Spellcasting
 * Level 0.3 Evocations


You had 2 spell levels left.
You didn't know any spells.
Your spell library contained the following spells:

 Spells                   Type           Power      Damage    Failure   Level
 Dazzling Flash           Conj/Hex       0%         N/A       69%         3
 Ozocubu's Armour         Ice            0%         N/A       69%         3
 Summon Guardian Golem    Hex/Summ       0%         N/A       69%         3
 Agony                    Necr           0%         N/A       100%        5
 Metabolic Englaciation   Hex/Ice        0%         N/A       100%        5
 Silence                  Hex/Air        0%         N/A       100%        5
 Simulacrum               Ice/Necr       0%         N/A       100%        6
 Orb of Destruction       Conj           0%         9d5       100%        7
 Spellforged Servitor     Conj/Summ      0%         N/A       100%        7


Dungeon Overview and Level Annotations

Branches:
Dungeon (3/15)

Altars:


Innate Abilities, Weirdness & Mutations

You are very small and have problems with some larger weapons.
You are too small for most types of armour.
You have supernaturally acute eyesight. (SInv)
You cover ground extremely quickly. (Speed+++)


Message History

The goblin shouts!
A nearby plant withers and dies.
The bat barely misses you. The bat misses you.
Found a stone staircase leading down.
The bat hits you but does no damage. The bat barely misses you.
An orc wizard and 2 orcs come into view.
An orc and an orc priest come into view.
The orc priest shouts!
The orc shouts! x3; The orc wizard shouts!
The endoplasm quivers.
You hear a shout!
You hit the orc priest.
The orc priest is lightly wounded.
The bat hits you. The orc hits you with a +0 mace.
The orc priest hits you with a +0 hand axe.
An orc comes into view. It is wielding a +0 war axe.
The bat hits you.
Throw: 8 darts (poison)
Press: ? - help, Q - select action, (/) - cycle Shift-Dir - straight line, f - bat
Aim: a bat (48% to hit)
You throw a poisoned dart. The poisoned dart misses the bat.
The bat barely misses you.
You barely miss the orc. The bat barely misses you.
The orc completely misses you.
You puncture the endoplasm!
You kill the endoplasm!
The orc closely misses you.
An orc comes into view. It is wielding a +0 falchion.
Unknown command.
You enter the shallow water.
Moving in this stuff is going to be slow.
The bat barely misses you. The goblin misses you.
The bat completely misses you. The bat hits you but does no damage.
The goblin splashes around in the water. x2
The bat closely misses you.
The orc priest looks satisfied for a moment.
The orc priest invokes the aid of Beogh against you.
Beogh smites you!
Ouch! That really hurt!
You die...

................ #
♣♣..........# #
≈≈.....o....# #
♣≈..♣♣.o#####
≈≈.≈≈o♣o### ≈...≈o≈≈≈P#
P≈..≈g≈o≈≈♣# #
P....≈≈b≈≈≈# #.
≈≈..≈PP@≈≈♣# #..#.###
≈..≈♣≈≈≈≈♣♣ #..#....
...≈≈≈≈≈≈≈♣# #....P..
...≈≈≈≈≈≈≈P# ###P..P≈..
≈..≈≈≈≈≈≈≈#####......♣≈≈
...≈≈≈≈≈≈.........≈♣≈≈≈≈
...≈≈P≈≈♣.........≈≈≈≈≈♣
...≈≈≈≈≈♣####..P..≈≈♣≈≈.
..≈≈≈P♣♣####.#..P≈♣≈≈..


You could see an orc priest, an orc wizard, 4 orcs, a goblin and a bat.

Vanquished Creatures
  A dart slug (D:1)
  6 ball pythons
  6 endoplasms
  A giant cockroach (D:2)
  4 hobgoblins
  3 kobolds
  A quokka (D:3)
  4 bats (D:1)
  2 frilled lizards
  3 rats
31 creatures vanquished.

Vanquished Creatures (others)
  12 plants (D:3)
12 creatures vanquished.

Grand Total: 43 creatures vanquished

Notes
Turn   | Place    | Note
-------+----------+-------------------------------------------
     0 | D:1      | styxcanada the Spriggan Brigand began the quest for the
                  | Orb.
     0 | D:1      | Reached XP level 1. HP: 10/10 MP: 2/2
    32 | D:1      | Reached skill level 6 in Stealth
   394 | D:1      | Reached XP level 2. HP: 14/14 MP: 3/3
   637 | D:1      | Found a faded altar of an unknown god.
  1020 | D:2      | Identified the ring of Gozag's Generosity {Fire rPois
                  | Str+6}
  1434 | D:2      | Reached XP level 3. HP: 18/18 MP: 4/4
  1593 | D:2      | Reached skill level 7 in Stealth
  1991 | D:3      | Killed from afar by an orc priest

Illustrated notes

Levels and vault maps discovered:
D:1:      dpeg_arrival_tiny_b, layout_basic, ebering_ecumenical_altar_ruins,
          hangedman_abyss_or_decor_lesser_grid, minmay_misc_feat_more_columns,
          chequers_garden, minmay_domino_2
D:2:      layout_loops_ring, serial_bayou, serial_bayou_shore_b,
          serial_bayou_lake_a, serial_bayou_lagoon_a, serial_bayou_crossing,
          serial_bayou_pond_d, kennysheep_generic_room_7
D:3:      layout_loops_ring, serial_bayou, serial_bayou_pond_a,
          serial_bayou_ford_a, serial_bayou_pond_c, serial_bayou_pond_c,
          uniq_jessica

Skill      XL: |  1  2  3 |
---------------+----------+-----
Stealth        | 6 7 |  7.0
Dodging        | 2 |  2.3
Fighting       | |  1.6
Short Blades   | |  2.1
Throwing       | |  2.1
Spellcasting   | |  0.1
Evocations     | |  0.3

Action                   || total
-------------------------++-------
Melee: Dagger            ||    73
       Punch             ||     1
Throw: Dart              ||     5
  Use: Scroll            ||     3
 Stab: Sleeping          ||    14
       Distracted        ||     1
Armor: Robe              ||    21
Dodge: Dodged            ||    50
